Map: New Repugnancy LE

Players

TIME (Oliveira)

  • Race: Terran Terran
  • Spawn Location: 1:00

SortOf - Winner!

  • Race: Zerg Zerg
  • Spawn Location: 7:00

Event: 2019 WCS Spring

VOD

Have the link to the VOD?

Description

Time

  • Played on: May 18, 2019, noon
  • Length: 15:36

All games in this series

Show
View Real Time Build Order
Export as new Build Order

TIME Terran 

Build Orders: 2 Factory, Hellion Opening, Reaper Expand 

Get SALT Encoding   

  12  0:00  SCV  
  13  0:12  SCV  
  14  0:18  Supply Depot  
  14  0:25  SCV  
  15  0:40  SCV  
  15  0:41  Barracks  
  16  0:44  Refinery  
  16  0:52  SCV  
  17  1:04  SCV  
  18  1:16  SCV  
  19  1:28  Orbital Command, Reaper  
  20  1:40  Command Center  
  20  1:51  Supply Depot  
  20  1:54  SCV  
  21  2:02  Marine  
  21  2:06  SCV  
  23  2:10  Factory  
  23  2:12  Refinery  
  23  2:19  SCV  
  23  2:21  Barracks Reactor  
  24  2:31  SCV  
  25  2:43  SCV  
  24  2:55  SCV  
  25  3:01  Factory, Hellion x2  
  29  3:07  Orbital Command  
  29  3:09  SCV  
  30  3:13  Marine  
  31  3:21  SCV  
  31  3:24  Hellion  
  36  3:27  Hellion  
  36  3:32  SCV  
  36  3:34  Marine, SCV  
  39  3:41  Supply Depot  
  39  3:44  SCV  
  39  3:46  Factory Tech Lab, SCV  
  41  3:54  Hellion x2  
  46  4:05  Supply Depot  
  46  4:07  Infernal Pre-Igniter  
  45  4:10  Cyclone  
  45  4:11  SCV  
  45  4:12  SCV  
  45  4:17  Hellion  
  52  4:20  Hellion  
  54  4:27  SCV x2  
  54  4:28  Supply Depot  
  56  4:39  SCV x2  
  56  4:40  Hellion  
  60  4:48  Hellion  
  60  4:50  Cyclone  
  60  4:51  SCV x2, Supply Depot  
  67  5:02  Hellion  
  67  5:03  SCV  
  70  5:10  Hellion  
  70  5:13  SCV  
  71  5:15  SCV, Supply Depot  
  72  5:22  Cyclone  
  72  5:23  Hellion  
  72  5:25  SCV  
  78  5:31  Command Center  
  78  5:35  Refinery  
  78  5:36  Refinery, SCV  
  78  5:37  Hellion, Supply Depot  
  78  5:41  SCV  
  82  5:53  Hellion  
  84  5:58  SCV  
  84  5:59  Cyclone  
  84  6:01  SCV  
  84  6:03  Supply Depot  
  87  6:06  Hellion  
  89  6:15  Hellion  
  89  6:17  SCV  
  92  6:19  Factory x3  
  92  6:22  SCV  
  91  6:30  Hellion  
  91  6:31  SCV  
  92  6:36  Mag-Field Accelerator  
  92  6:37  SCV  
  92  6:39  Cyclone  
  98  6:40  Hellion  
  98  6:43  SCV  
  99  6:48  Orbital Command  
  81  6:55  Hellion  
  81  7:01  SCV  
  82  7:03  Hellion  
  82  7:04  Factory Tech Lab x2, Factory Reactor  
  84  7:10  SCV  
  84  7:19  Cyclone  
  84  7:20  Hellion  
  84  7:21  SCV  
  88  7:26  SCV  
  88  7:29  Cyclone x2  
  92  7:30  Hellion  
  92  7:32  Orbital Command  
  92  7:33  SCV  
  93  7:41  Hellion x2  
  95  7:51  Hellion, SCV  
  85  8:00  Cyclone, Hellion  
  85  8:01  SCV  
  85  8:04  Cyclone, Hellion x2  
  85  8:05  SCV x2  
  88  8:14  Hellion, SCV  
  88  8:16  Cyclone  
  94  8:20  Armory  
  94  8:21  SCV, Armory  
  94  8:22  SCV  
  94  8:26  Refinery x2  
  96  8:30  Supply Depot  
  96  8:33  Hellion x2  
  100  8:40  SCV  
  99  8:42  Cyclone x2  
  99  8:43  Hellion  
  99  8:44  Hellion  
  99  8:45  SCV x2  
  111  8:51  Cyclone  
  111  8:52  SCV, Supply Depot x2  
  115  8:57  SCV  
  112  9:06  Hellion x2  
  112  9:07  SCV  
  112  9:08  SCV  
  112  9:09  Terran Vehicle And Ship Armor Level 1, Terran Vehicle Weapons Level 1  
  118  9:12  Hellion x2  
  122  9:18  Supply Depot  
  122  9:23  Siege Tank x2, Command Center  
  128  9:27  Siege Tank  
  131  9:32  SCV  
  130  9:42  Hellion x2  
  130  9:43  Hellion  
  138  9:46  Hellion  
  138  9:48  SCV  
  138  9:50  SCV x2  
  138  9:51  Supply Depot  
  136  10:00  SCV  
  136  10:03  Siege Tank x3  
  136  10:06  Supply Depot  
  146  10:07  Supply Depot x2  
  146  10:12  Hellion  
  146  10:13  Hellion x2  
  119  10:16  Hellion, SCV  
  116  10:34  Hellion x3  
  116  10:35  Cyclone, Siege Tank  
  125  10:36  Siege Tank  
  125  10:37  Hellion  
  125  10:38  Engineering Bay  
  132  10:53  Refinery x2  
  132  10:56  Hellion  
  136  10:57  Hellion  
  136  10:59  Hellion, SCV x2  
  136  11:03  Terran Vehicle Weapons Level 2  
  136  11:04  Terran Vehicle And Ship Armor Level 2  
  140  11:06  Hellion  
  140  11:07  Cyclone  
  140  11:08  Cyclone x2, Planetary Fortress  
  151  11:21  SCV x2  
  151  11:24  Hellion x2  
  155  11:31  Hellion x2, SCV  
  154  11:39  SCV  
  156  11:40  SCV  
  156  11:41  Cyclone x3, Command Center  
  165  11:49  Hellion x2  
  169  12:00  Hellion x2  
  157  12:16  Siege Tank x3  
  157  12:17  Hellion x2  
  113  12:40  SCV x2  
  113  12:42  Hellion x2, Starport  
  113  12:43  Hellion  
  113  12:44  Hellion, Starport x2  
  117  12:48  Cyclone x2, Siege Tank  
  126  12:51  SCV  
  126  12:52  SCV x2  
  129  13:01  Command Center  
  129  13:09  Hellion  
  129  13:10  Hellion  
  129  13:12  Hellion  
  119  13:14  Hellion  
  117  13:20  Siege Tank x3  
  117  13:21  Planetary Fortress  
  117  13:22  Sensor Tower, Starport Reactor  
  117  13:23  Starport Tech Lab, Starport Reactor  
  117  13:24  Fusion Core  
  117  13:25  Liberator  
  126  13:33  Hellion  
  126  13:34  Hellion  
  130  13:36  Hellion  
  132  13:41  Hellion  
  132  13:42  Supply Depot  
  137  13:49  Liberator x2  
  137  13:50  Liberator  
  137  13:53  Hellion x2  
  137  13:57  Hellion  
  137  13:59  Cyclone, Refinery  
  137  14:00  Hellion x2, Refinery  
  146  14:03  Hellion  
  157  14:14  Cyclone  
  160  14:19  Liberator x2  
  150  14:32  Liberator  
  150  14:34  Cyclone x2, Hellion  
  164  14:39  Hellion  
  164  14:41  Hellion  
  166  14:48  Cyclone, Hellion  
  165  15:05  Hellion x3  
  183  15:17  Refinery  
  183  15:18  Refinery  
Show
View Real Time Build Order
Export as new Build Order

SortOf Zerg - Winner!

Build Orders: Pool First, Brood Lord Corruptor 

Get SALT Encoding   

  12  0:00  Drone  
  13  0:12  Overlord  
  13  0:18  Drone  
  14  0:31  Drone x2  
  16  0:41  Spawning Pool  
  15  0:46  Drone  
  16  0:50  Drone  
  17  1:10  Hatchery  
  16  1:14  Drone  
  17  1:29  Zergling x6  
  17  1:32  Queen  
  20  1:34  Extractor  
  21  1:41  Overlord  
  21  1:50  Drone  
  23  2:01  Drone  
  23  2:08  Queen  
  23  2:12  Drone  
  26  2:22  Queen  
  28  2:23  Drone x2  
  30  2:40  Drone  
  30  2:41  Drone  
  30  2:43  Drone  
  31  2:47  Hatchery  
  31  2:50  Drone  
  30  2:55  Metabolic Boost  
  30  2:59  Drone  
  30  3:02  Drone  
  32  3:07  Zergling x2  
  32  3:08  Overlord  
  33  3:15  Drone  
  33  3:16  Drone x2  
  36  3:26  Overlord, Queen  
  38  3:28  Drone  
  38  3:32  Drone  
  40  3:35  Drone x2  
  40  3:36  Drone  
  40  3:38  Drone  
  44  3:42  Overlord  
  44  3:46  Zergling x2  
  45  3:50  Overlord  
  45  3:54  Drone  
  46  3:57  Baneling Nest  
  46  3:59  Drone  
  46  4:00  Drone x3  
  49  4:06  Queen  
  49  4:08  Drone  
  52  4:11  Queen  
  52  4:13  Drone  
  52  4:16  Zergling x2  
  56  4:17  Zergling x2  
  56  4:19  Drone  
  56  4:22  Drone x2  
  60  4:26  Lair  
  60  4:32  Zergling x4  
  60  4:33  Overlord  
  60  4:35  Drone x2  
  64  4:38  Spore Crawler  
  64  4:39  Zergling x4  
  64  4:41  Drone  
  66  4:48  Extractor, Overlord  
  66  4:50  Queen  
  67  4:54  Overlord x2  
  67  4:57  Baneling x3  
  67  4:58  Overlord  
  66  5:01  Extractor, Drone x2  
  66  5:04  Drone  
  66  5:05  Drone x2  
  66  5:07  Drone  
  71  5:09  Drone x2  
  71  5:11  Drone  
  74  5:14  Overlord  
  74  5:16  Drone  
  74  5:20  Queen  
  77  5:23  Drone x2  
  77  5:25  Overseer  
  77  5:27  Drone x2  
  81  5:29  Drone x3  
  81  5:35  Drone x4  
  87  5:36  Drone  
  87  5:42  Evolution Chamber x2, Centrifical Hooks  
  88  5:44  Extractor  
  88  5:48  Baneling x3  
  87  5:50  Zergling x8  
  87  5:53  Baneling  
  87  5:54  Zergling x2  
  91  6:01  Zergling x18  
  99  6:15  Overlord  
  99  6:17  Extractor, Overlord, Hydralisk Den  
  91  6:25  Overlord  
  91  6:28  Overlord  
  91  6:29  Zergling x2  
  91  6:30  Zergling x8  
  95  6:37  Zerg Melee Weapons Level 1, Zerg Missile Weapons Level 1  
  95  6:39  Zergling x6  
  98  6:40  Hatchery  
  98  6:47  Zergling x14  
  88  6:58  Muscular Augments  
  88  7:00  Hydralisk x5  
  94  7:02  Queen  
  94  7:07  Baneling x2, Zergling x4  
  94  7:08  Zergling x2  
  94  7:16  Drone  
  94  7:17  Hydralisk  
  94  7:18  Hydralisk  
  95  7:28  Zergling x2, Hydralisk  
  95  7:29  Zergling x8  
  90  7:39  Zergling x4, Hydralisk x2  
  90  7:40  Zergling x8  
  98  7:47  Zergling x2  
  89  7:58  Drone  
  78  8:00  Drone x4, Queen x2  
  78  8:04  Drone, Infestation Pit  
  83  8:06  Baneling x4  
  83  8:09  Drone x3, Grooved Spines  
  83  8:10  Queen  
  83  8:12  Queen  
  90  8:13  Drone x2  
  92  8:20  Hydralisk  
  92  8:21  Hydralisk x3  
  100  8:29  Zergling x8  
  104  8:40  Zergling x8  
  100  8:45  Extractor  
  100  8:46  Hive  
  100  8:48  Infestor  
  99  8:49  Infestor  
  99  8:52  Drone x2  
  99  8:54  Hatchery  
  104  8:56  Baneling x2  
  104  9:00  Drone x2  
  103  9:03  Hydralisk x3  
  106  9:12  Drone x3  
  106  9:15  Baneling x2  
  109  9:17  Hydralisk x2  
  109  9:18  Zergling x6  
  109  9:20  Overlord  
  116  9:36  Zergling x10  
  116  9:37  Zergling x12  
  116  9:38  Baneling x7  
  127  9:49  Zergling x4  
  127  9:59  Overlord  
  125  10:01  Zerg Missile Weapons Level 2  
  125  10:03  Overlord  
  111  10:17  Infestor x2  
  111  10:20  Drone x15  
  124  10:31  Spire  
  123  10:36  Baneling x4  
  123  10:40  Infestor  
  123  10:41  Infestor  
  127  10:44  Zergling x6, Hydralisk x3  
  127  10:45  Zergling x2  
  127  10:48  Extractor x2, Hatchery  
  133  10:50  Viper  
  133  10:53  Drone  
  133  10:54  Drone x4  
  133  10:55  Drone  
  140  11:06  Hydralisk  
  140  11:07  Hydralisk x4  
  140  11:08  Overlord  
  143  11:30  Overlord  
  143  11:32  Viper x2  
  142  11:34  Overlord, Zergling x4, Hydralisk x2  
  142  11:35  Zergling x10  
  159  11:49  Greater Spire  
  159  11:51  Zergling x18  
  168  11:58  Extractor  
  167  12:02  Extractor  
  164  12:10  Zergling x32  
  164  12:14  Zergling x6  
  181  12:22  Zergling x4  
  156  12:31  Zergling x6  
  156  12:35  Zergling x2  
  156  12:36  Zergling x4  
  146  12:39  Drone x2  
  146  12:45  Drone x6  
  146  12:49  Baneling  
  146  12:50  Corruptor x2, Baneling  
  156  12:54  Corruptor  
  158  12:58  Baneling  
  153  13:13  Corruptor x9  
  153  13:16  Overlord x2  
  169  13:23  Drone x3  
  169  13:24  Overlord  
  169  13:25  Overlord  
  172  13:27  Brood Lord x3  
  172  13:28  Overseer  
  172  13:33  Overlord  
  178  13:38  Zerg Flyer Weapons Level 1  
  178  13:39  Overseer  
  178  13:44  Brood Lord x3  
  178  13:46  Baneling x2  
  184  13:55  Brood Lord x2  
  187  14:07  Brood Lord x2  
  187  14:09  Hatchery  
  190  14:10  Spine Crawler x2  
  190  14:11  Drone x2  
  190  14:12  Spine Crawler  
  190  14:17  Corruptor x2  
  189  14:30  Corruptor x3  
  189  14:35  Corruptor x2  
  191  14:40  Hydralisk x2  
  195  14:49  Corruptor x2  
  197  14:57  Corruptor x2, Hydralisk  
  192  15:06  Corruptor x2  
Tags
 
Add a new tag
Caveats
  • Supply blocks, unpowered buildings, or Contaminate may cause inaccurate times.
  • Supply counts are checked every 10 seconds.